 Dungeon Crawl Stone Soup version 0.31.0-11-ge490571c62 (webtiles) character file.

Game seed: 16931918016574823494

29227 Killerpretzel the Mimic (level 13, -10/92 HPs)
             Began as an Octopode Shapeshifter on Feb 8, 2024.
             Was an Elder of Vehumet.
             Mangled by a cane toad (63 damage)
             ... on level 4 of the Lair of Beasts.
             The game lasted 00:47:22 (13788 turns).

Killerpretzel the Mimic (Octopode Shapeshifter)    Turns: 13788, Time: 00:47:23

Health: -10/92     AC:  5    Str: 14    XL:     13   Next: 43%
Magic:  13/13      EV:  2    Int: 12    God:    Vehumet [****..]
Gold:   753        SH:  0    Dex: 22    Spells: 12/12 levels left

rFire   . .          .
                       - Unarmed
rCold   . . .        (shield currently unavailable)
rNeg    + + .        (helmet restricted)
rPois   .            f - amulet of Joruan Doude {rN+ Regen+}
rElec   .            d - ring of positive energy
rCorr   .            m - ring of wizardry
SInv    .            o - +4 ring of protection
Will    .....        n - +6 ring of dexterity
Stlth   +++          q - +4 ring of slaying
HPRegen 1.15/turn    A - +4 ring of slaying
MPRegen 0.13/turn    (no ring)
                     (no ring)

%: wizardry (x1)
@: lethally poisoned (-10 -> -10), blade tentacles, sleeping
A: almost no armour, amphibious, 8 rings, camouflage 1, gelatinous body 1,
(nimble swimmer 1), tentacles
a: Begin Untransformation, Renounce Religion


You were on level 4 of the Lair of Beasts.
You worshipped Vehumet.
Vehumet was greatly pleased with you.
You had blades for main tentacles.
You visited 3 branches of the dungeon, and saw 15 of its levels.

You collected 753 gold pieces.

Inventory:

Hand Weapons
 N - the +4 spear of the Doomed God {protect, Str+6 Int+2}
   (You found it on level 4 of the Lair of Beasts)

   Str+6:     It affects your strength (+6).
   Int+2:     It affects your intelligence (+2).
Missiles
 w - 4 javelins (quivered)
Jewellery
 d - a ring of positive energy (left blade tentacle)
 e - an amulet of reflection
 f - the amulet of Joruan Doude (around mantle) {rN+ Regen+}
   (You acquired it on level 1 of the Dungeon)

   [amulet of regeneration]

   rN+:       It protects you from negative energy.
   Regen+:    It increases your rate of health regeneration.
 m - a ring of wizardry (right blade tentacle)
 n - a +6 ring of dexterity (on tentacle)
 o - a +4 ring of protection (on tentacle)
 q - a +4 ring of slaying (on tentacle)
 t - a ring of ice
 v - an amulet of faith
 z - an amulet of the acrobat
 A - a +4 ring of slaying (on tentacle)
Talismans
 b - a beast talisman
 c - a flux talisman
 h - a blade talisman (active)
 F - a serpent talisman
Wands
 g - a wand of charming (12)
 x - a wand of roots (13)
 B - a wand of mindburst (16)
 I - a wand of flame (12)
 M - a wand of acid (3)
Scrolls
 a - 3 scrolls of enchant armour
 j - 3 scrolls of brand weapon
 l - a scroll of vulnerability
 s - 3 scrolls of amnesia
 y - a scroll of enchant weapon
 C - 4 scrolls of silence
 D - 4 scrolls of identify
 E - a scroll of teleportation
 G - 3 scrolls of noise
 H - a scroll of poison
 K - a scroll of butterflies
 L - a scroll of revelation
Potions
 i - 3 potions of curing {unknown}
 k - a potion of magic
 p - a potion of mutation
 r - 2 potions of attraction
 u - a potion of cancellation
 J - 2 potions of brilliance {unknown}


   Skills:
 + Level 10.3 Fighting
 + Level 10.4 Dodging
 + Level 10.7 Unarmed Combat
 * Level 13.5 Shapeshifting


You had 12 spell levels left.
You didn't know any spells.
Your spell library contained the following spells:

 Spells                   Type           Power      Damage    Failure   Level
 Sting                    Conj/Alch      0%         1d3       3%          1
 Scorch                   Fire           0%         2d5       5%          2
 Volatile Blastmotes      Fire/Tloc      0%         2d10      10%         3
 Apportation              Tloc           0%         N/A       13%         1
 Necrotise                Necr           0%         1d4       13%         1
 Summon Small Mammal      Summ           0%         N/A       13%         1
 Sublimation of Blood     Necr           0%         N/A       21%         2
 Flame Wave               Conj/Fire      0%         2d4       28%         4
 Fulminant Prism          Conj/Alch      0%         3d5       28%         4
 Iskenderun's Mystic Bla  Conj/Tloc      0%         2d3       28%         4
 Olgreb's Toxic Radiance  Alch           0%         N/A       28%         4
 Ozocubu's Armour         Ice            0%         N/A       36%         3
 Irradiate                Conj/Alch      0%         3d11      56%         5
 Anguish                  Hex/Necr       0%         N/A       75%         4
 Cause Fear               Hex            0%         N/A       75%         4
 Petrify                  Alch/Erth      0%         N/A       75%         4
 Metabolic Englaciation   Hex/Ice        0%         N/A       97%         5
 Ozocubu's Refrigeration  Ice            0%         4d7       99%         7
 Sculpt Simulacrum        Ice/Alch       0%         N/A       100%        6
 Summon Cactus Giant      Summ           0%         N/A       100%        6
 Enfeeble                 Hex            0%         N/A       100%        7
 Discord                  Hex            0%         N/A       100%        8


Dungeon Overview and Level Annotations

Branches:
Dungeon (10/15)            Temple (1/1) D:7            Lair (4/5) D:9
  Swamp (0/4) Lair:3        Snake (0/4) Lair:3        Slime (0/5) Lair:4
    Orc (0/2) D:9

Altars:
Ashenzari
Cheibriados
Dithmenos
Elyvilon
Fedhas
Gozag
Hepliaklqana
Kikubaaqudgha
Makhleb
Nemelex Xobeh
Okawaru
Qazlal
Ru
Sif Muna
Trog
Uskayaw
Vehumet
Wu Jian
Xom
Yredelemnul
Zin
The Shining One
Jiyva

Annotations:
D:4 3 runed translucent doors, exclusion: 3 doors, HourglassMan's ghost, novice NaGl
D:5 2 transporters, ymhsbmbesitwf's ghost, novice MiFi
D:7 1 runed translucent door, exclusion: door, Crazy Yiuf
D:9 2 transporters
D:10 exclusions: golden eye and 3 oklob plants
Lair:2 exclusion: 2 dream sheep, Fannar
Lair:4 3 runed translucent doors, exclusions: cane toad, death yak, 3 doors, 3 dream sheep and 2 yaks, Baz's ghost, journeyman DjFE; Tunlugh's ghost, adept GrEE; Vufrucs's ghost, journeyman DrSh


Innate Abilities, Weirdness & Mutations

You have blades for main tentacles.
You are incapable of wielding weapons or throwing items.
You cannot wear most types of armour.
You are amphibious.
You can wear up to eight rings at the same time.
Your skin changes colour to match your surroundings (Stealth+).
Your rubbery body absorbs attacks. (AC +1, EV +1)
((You are camouflaged when in or above water. (Stealth+)))
You have tentacles for arms and can constrict up to eight enemies at once.


Message History

You slice the dream sheep!!
You kill the dream sheep!
Vehumet accepts your kill. The dream sheep misses you.
The dream sheep shake their wool and sparkle.
You feel drowsy...
You fall asleep.
The cane toad stings you.
You wake up.
You are poisoned.
The cane toad poisons you! The dream sheep headbutts you!
There are monsters nearby!
You closely miss the dream sheep. You grab the dream sheep.
You constrict the dream sheep.
You feel very sick. The cane toad stings you!
There are monsters nearby!
Okay, then.
You release your grip on the dream sheep.
You feel very sick.
You feel sick.
The cane toad attacks as it pursues you!
The cane toad barely misses you.
You feel sick.
The cane toad attacks as it pursues you!
The cane toad misses you.
The dream sheep attacks as it pursues you!
The dream sheep misses you. The cane toad closely misses you.
You feel sick.
The dream sheep attacks as it pursues you!
The dream sheep headbutts you.
You feel sick.
The dream sheep attacks as it pursues you!
The dream sheep misses you.
You feel sick.
The dream sheep ruffle their wool and motes of dream dust sparkle, to no effect. x2
You feel sick.
The dream sheep shake their wool and sparkle.
You feel drowsy...
You fall asleep.
You feel sick. The cane toad stings you!!!
Ouch! That really hurt!
You die...

..W..+..#...###†..#
.....+......##....##
.....+..#.....#....#
....W#............##
8...W#.............#
#.♣⌠♣##............#
#####....#P.P.#.##
#........P..###
##....).#..@#
.###...P...YF##
.......$...Y##
.##......Y..#### F
.....#....#....# .#
.Y####........## #.
Y #......#.## .#
...#†.†..#..#
.#..#.#......#.)###


You could see a cane toad and 3 dream sheep.

Vanquished Creatures
  A hydra (Lair:2)
  3 two-headed ogres (D:9)
  7 death yaks
  A skyshark (Lair:4)
  A bog body (Lair:3)
  6 elephants (Lair:3)
  10 cane toads
  A kobold demonologist (D:10)
  A komodo dragon (Lair:3)
  A rime drake (Lair:4)
  A polar bear (Lair:3)
  A troll (D:9)
  12 blink frogs
  2 dream sheep (Lair:4)
  Sigmund (D:2)
  2 steam dragons
  6 wyverns
  26 yaks
  4 nagas (Lair:3)
  A swamp worm (Lair:3)
  An acid dragon (D:8)
  9 water moccasins
  4 black bears
  4 orc warriors
  A sky beast (D:6)
  An ice beast (D:3)
  16 wolves
  An ogre (D:6)
  2 centaurs
  2 phantoms (D:4)
  2 kobold brigands
  15 bullfrogs
  A scorpion (D:7)
  12 wights
  8 killer bees
  10 electric eels
  2 howler monkeys
  6 orc priests
  A bombardier beetle (D:7)
  7 hounds
  2 jellies
  4 iguanas
  4 hell rats (Lair:4)
  A sleepcap (D:7)
  18 orc wizards
  9 adders
  3 gnolls (D:3)
  A white imp (D:6)
  2 ufetubi (D:5)
  A dart slug (D:4)
  A ribbon worm (D:3)
  50 orcs
  7 ball pythons
  3 bats
  6 endoplasms
  3 giant cockroaches
  12 goblins
  13 hobgoblins
  16 kobolds
  4 quokkas (D:1)
  3 frilled lizards
  3 rats
  A butterfly (Lair:4)
360 creatures vanquished.

Vanquished Creatures (others)
  A human (D:9)
1 creature vanquished.

Grand Total: 361 creatures vanquished

Notes
Turn   | Place    | Note
-------+----------+-------------------------------------------
     0 | D:1      | Killerpretzel the Octopode Shapeshifter began the quest for
                  | the Orb.
     0 | D:1      | Reached XP level 1. HP: 13/13 MP: 1/1
    75 | D:1      | Reached XP level 2. HP: 18/18 MP: 2/2
   381 | D:1      | Reached XP level 3. HP: 23/23 MP: 3/3
   827 | D:2      | Reached XP level 4. HP: 28/29 MP: 4/4
  1109 | D:2      | Found a faded altar of an unknown god.
  1109 | D:2      | Noticed Sigmund
  1115 | D:1      | Identified a scroll of acquirement
  1115 | D:1      | Acquired the amulet of Joruan Doude {rN+ Regen+}
  1220 | D:2      | Killed Sigmund
  1221 | D:2      | Reached skill level 4 in Shapeshifting
  1221 | D:2      | Reached XP level 5. HP: 35/35 MP: 5/5
  1221 | D:2      | Reached XP level 6. HP: 41/41 MP: 6/6
  1589 | D:3      | Noticed an ice beast
  1593 | D:3      | Killed an ice beast
  1941 | D:3      | Reached skill level 5 in Shapeshifting
  1975 | D:3      | Reached XP level 7. HP: 46/46 MP: 7/7
  2693 | D:4      | Found an iron altar of Okawaru.
  2808 | D:4      | Found a runed translucent gate.
  2809 | D:4      | Found a runed translucent gate.
  2809 | D:4      | Found a runed translucent gate.
  2810 | D:4      | Noticed HourglassMan's ghost (novice NaGl)
  3207 | D:5      | Entered Level 5 of the Dungeon
  3422 | D:5      | Reached XP level 8. HP: 49/54 MP: 8/8
  3676 | D:5      | Reached skill level 6 in Shapeshifting
  3778 | D:5      | Found a stormy altar of Qazlal.
  3809 | D:5      | Found a transporter.
  3819 | D:5      | Identified the +5 spear of the Fray {pain, Dex+3 SInv
                  | Stlth+}
  3819 | D:5      | Identified the +0 buckler of Wasted Space {rPois rN++ Str-5
                  | SInv}
  3882 | D:5      | Noticed ymhsbmbesitwf's ghost (novice MiFi)
  3896 | D:5      | Found a transporter.
  3926 | D:5      | Reached skill level 5 in Unarmed Combat
  4595 | D:6      | Reached skill level 5 in Dodging
  4658 | D:6      | Reached skill level 7 in Shapeshifting
  4894 | D:6      | Found a glowing golden altar of the Shining One.
  5103 | D:7      | Found a staircase to the Ecumenical Temple.
  5158 | Temple   | Entered the Ecumenical Temple
  5238 | D:7      | Found a hazy altar of Hepliaklqana.
  5256 | D:7      | Noticed a wyvern
  5315 | D:7      | Killed a wyvern
  5316 | D:7      | Reached skill level 5 in Fighting
  5316 | D:7      | Reached XP level 9. HP: 61/61 MP: 9/9
  5670 | D:7      | Found a radiant altar of Vehumet.
  5742 | D:7      | Became a worshipper of Vehumet
  6031 | D:7      | Found a runed translucent door.
  6032 | D:7      | Noticed Crazy Yiuf
  6246 | D:8      | Reached skill level 8 in Shapeshifting
  6498 | D:8      | Reached XP level 10. HP: 35/68 MP: 10/10
  6502 | D:8      | Reached * piety under Vehumet
  6502 | D:8      | Offered knowledge of Foxfire by Vehumet.
  6607 | D:8      | Reached skill level 9 in Shapeshifting
  7392 | D:9      | Found a blossoming altar of Fedhas.
  7401 | D:9      | Found a transporter.
  7405 | D:9      | Noticed a five-headed hydra
  7406 | D:9      | Found a transporter.
  7428 | D:9      | Noticed a two-headed ogre
  7511 | D:9      | Reached ** piety under Vehumet
  7526 | D:9      | Offered knowledge of Mercury Vapours by Vehumet.
  7720 | D:9      | Noticed a two-headed ogre
  7728 | D:9      | Killed a two-headed ogre
  7729 | D:9      | Reached skill level 10 in Shapeshifting
  7757 | D:9      | Noticed a two-headed ogre
  7765 | D:9      | Killed a two-headed ogre
  7766 | D:9      | Reached XP level 11. HP: 75/75 MP: 11/11
  7771 | D:9      | Noticed a death yak
  7772 | D:9      | Noticed a death yak
  7844 | D:9      | Killed a death yak
  7905 | D:9      | Noticed a death yak
  7925 | D:9      | Killed a death yak
  7970 | D:9      | Found an ancient bone altar of Kikubaaqudgha.
  8006 | D:9      | Offered knowledge of Searing Ray by Vehumet.
  8025 | D:9      | Found a sparkling altar of Nemelex Xobeh.
  8064 | D:9      | Found a staircase to the Orcish Mines.
  8130 | D:9      | Reached *** piety under Vehumet
  8139 | D:9      | Killed a two-headed ogre
  8293 | D:9      | Found a staircase to the Lair.
  8308 | D:9      | Killed a death yak
  8325 | D:9      | Reached skill level 11 in Shapeshifting
  8437 | D:9      | Offered knowledge of Stone Arrow by Vehumet.
  8683 | D:10     | Entered Level 10 of the Dungeon
  9010 | D:10     | Noticed an oklob plant
  9010 | D:10     | Noticed an oklob plant
  9174 | D:10     | Reached **** piety under Vehumet
  9226 | D:10     | Noticed an oklob plant
  9370 | D:10     | Found a bloodstained altar of Trog.
  9678 | Lair:1   | Entered Level 1 of the Lair of Beasts
  9678 | Lair:1   | Noticed a death yak
  9678 | Lair:1   | Noticed a death yak
  9679 | Lair:1   | Noticed a death yak
  9679 | Lair:1   | Noticed a death yak
  9692 | D:9      | Killed a death yak
  9692 | D:9      | Offered knowledge of Fireball by Vehumet.
  9693 | D:9      | Reached XP level 12. HP: 47/84 MP: 12/12
  9751 | D:9      | Killed a death yak
  9756 | D:9      | Killed a death yak
  9819 | Lair:1   | Killed a death yak
 10873 | Lair:2   | Reached skill level 12 in Shapeshifting
 11102 | Lair:2   | Noticed a seven-headed hydra
 11262 | Lair:2   | Killed a seven-headed hydra
 11429 | Lair:2   | Noticed Fannar
 11894 | Lair:3   | Reached skill level 10 in Unarmed Combat
 12000 | Lair:3   | Reached XP level 13. HP: 91/91 MP: 13/13
 12115 | Lair:3   | Found a staircase to the Snake Pit.
 12125 | Lair:3   | Reached skill level 10 in Dodging
 12133 | Lair:3   | Reached ***** piety under Vehumet
 12149 | Lair:3   | Offered knowledge of Ozocubu's Refrigeration by Vehumet.
 12197 | Lair:3   | Reached skill level 13 in Shapeshifting
 12460 | Lair:3   | Reached skill level 10 in Fighting
 12712 | Lair:3   | Found a staircase to the Swamp.
 13309 | Lair:4   | HP: 4/92 [skyshark (21)]
 13394 | Lair:4   | Identified the +4 spear of the Doomed God {protect, Str+6
                  | Int+2}
 13606 | Lair:4   | Found a runed translucent gate.
 13607 | Lair:4   | Found a runed translucent gate.
 13608 | Lair:4   | Found a runed translucent gate.
 13664 | Lair:4   | Found a viscous altar of Jiyva.
 13665 | Lair:4   | Found a staircase to the Slime Pits.
 13748 | Lair:4   | Noticed Baz's ghost (journeyman DjFE)
 13748 | Lair:4   | Noticed Vufrucs's ghost (journeyman DrSh)
 13748 | Lair:4   | Noticed Tunlugh's ghost (adept GrEE)
 13788 | Lair:4   | Mangled by a cane toad

Illustrated notes

Levels and vault maps discovered:
D:1:      ncdulo_halloftheorcs, layout_rooms
D:2:      layout_loops_ring, ebering_ecumenical_altar_hall,
          minmay_tree_intersection, minmay_goblin_outpost, uniq_sigmund
D:3:      layout_loops_corners
D:4:      layout_basic, kennysheep_okawaru_gauntlet, ebering_ghost_rock_garden,
          minmay_misc_feat_enclosed
D:5:      layout_basic, kennysheep_mini, gammafunk_ghost_gnarly_gnolls,
          minmay_holes
D:6:      layout_basic, nicolae_tso_swordbearing_angel
D:7:      layout_basic, mainiacjoe_overflow_catch_the_wave,
          minmay_temple_entry_overgrown, uniq_crazy_yiuf_cottage
D:8:      layout_cave_pods, minmay_misc_feat_doors, nicolae_fountain_basement
D:9:      layout_basic, general_overflow_altar, tgw_kikubaaqudgha,
          gammafunk_temple_overflow_arena, dpeg_lair_monsters,
          hiddenorc2_lemuel, hangedman_decor_diamond_cutter
D:10:     layout_loops_ring, mainiacjoe_overflow_alcove_1, serial_bayou,
          serial_bayou_lagoon_a, serial_bayou_lagoon_b, serial_bayou_shore_b,
          serial_bayou_pond_a, disabler_island
Temple:   hellmonk_temple_forest_ring
Lair:1:   layout_small_grid
Lair:2:   layout_cellular_growth, beast_lair_carwin_6, uniq_fannar
Lair:3:   layout_regular_city, nicolae_swamp_entry_splash_gauntlet,
          minmay_snake_entry_guardpost_small
Lair:4:   beast_lair_carwin_large_1, layout_misc_corridors, slime_entry_1,
          gammafunk_ghost_cemetery, infiniplex_staircase_pool,
          lemuel_fruit_fields

Skill      XL: |  1  2  3  4  5  6  7  8  9 10 11 12 13 |
---------------+----------------------------------------+-----
Fighting       | 2 3 5 6 7 8 9 10 | 10.3
Dodging        | 3 4 5 6 7 8 9 10 | 10.4
Shapeshifting  | 4 5 7 8 10 11 12 13 | 13.5
Unarmed Combat | 4 5 6 8 9 10 | 10.7

Action                     |  1- 3 |  4- 6 |  7- 9 | 10-12 | 13-15 || total
---------------------------+-------+-------+-------+-------+-------++-------
  Melee: Unarmed           |    59 |    43 |   173 |   367 |   100 ||   742
         Tentacles         |     8 |     6 |    44 |    80 |    30 ||   168
         Constrict         |    15 |     7 |    31 |    46 |    24 ||   123
         Punch             |     4 |       |    10 |    31 |    10 ||    55
  Throw: Javelin           |    17 |    32 |    83 |    17 |       ||   149
         Boomerang         |       |       |   104 |     4 |       ||   108
  Evoke: Wand              |       |       |       |     4 |       ||     4
    Use: Scroll            |       |     2 |    13 |     9 |       ||    24
         Potion            |       |     1 |       |     7 |       ||     8
   Stab: Sleeping          |     4 |     1 |       |     7 |     2 ||    14
         Distracted        |       |       |       |     4 |       ||     4
 Armour: Skin              |    11 |    25 |    91 |   205 |    49 ||   381
  Dodge: Dodged            |    18 |    24 |   133 |   188 |    69 ||   432
  Block: Other             |     5 |       |       |       |       ||     5
   Form: Blade             |       |       |       |     1 |       ||     1
